 Dungeon Sprint DCSS version 0.18-a0-119-g02a7081 (webtiles) character file.

824 Kidiri the Covert (level 7, -13/37 HPs)
             Began as a Spriggan Enchanter on Nov 19, 2015.
             Mangled by Kirke (18 damage)
             ... in the Dungeon (Sprint II: "The Violet Keep of Menkaure").
             The game lasted 00:04:05 (578 turns).

Kidiri the Covert (Spriggan Enchanter)               Turns: 578, Time: 00:04:05

Health: -13/37     AC:  0    Str:  4    XL:     7   Next: 64%
Magic:  2/20       EV: 23    Int: 17    God:
Gold:   972        SH:  0    Dex: 18    Spells: 5 memorised, 11 levels left

rFire  . . .     SeeInvis +     (weapon currently unavailable)
rCold  . . .     Clarity  .     (armour currently unavailable)
rNeg   . . .     SustAt   .     (shield currently unavailable)
rPois  .         Gourm    .     (helmet currently unavailable)
rElec  .         Spirit   .     (cloak currently unavailable)
rCorr  .         Warding  .     (gloves unavailable)
rMut   .         NoTele   +     (boots unavailable)
MR     +....                    (no amulet)
Stlth  ++++......               (ring currently unavailable)
                                (ring currently unavailable)

@: pig-form, very quick, somewhat resistant to hostile enchantments, stealthy
A: unfitting armour, see invisible, herbivore 3, (speed 0), slow metabolism 2
a: no special abilities


You were in the Dungeon.
You were not hungry.
You were a filthy swine.
You visited 1 branch You collected 972 gold pieces.

Inventory:

Hand Weapons
 a - a +1 dagger (melded)
Armour
 b - a +1 robe (melded)
Scrolls
 j - a scroll of blinking
Potions
 e - a potion of curing
 f - a potion of heal wounds
 g - a potion of haste
 h - 2 potions of magic
 i - a potion of berserk rage
Books
 c - a book of Maledictions

   Spells                             Type                      Level
   a - Corona                         Hexes                        1
   b - Ensorcelled Hibernation        Hexes/Ice                    2
   c - Confuse                        Hexes                        3
   d - Tukima's Dance                 Hexes                        3
   e - Dazzling Spray                 Conjuration/Hexes            3
Comestibles
 d - a bread ration


   Skills:
 + Level 3.7 Fighting
 * Level 7.4 Short Blades
 + Level 3.3 Armour
 * Level 10.0 Dodging
 * Level 11.5 Stealth
 * Level 8.5 Spellcasting
 + Level 2.8 Conjurations
 + Level 6.8 Hexes
 + Level 3.0 Ice Magic


You had 11 spell levels left.
You knew the following spells:

 Your Spells              Type           Power        Failure   Level  Hunger
a - Corona                Hex            ####...      1%          1    None
b - Ensorcelled Hibernat  Hex/Ice        ###...       1%          2    None
c - Confuse               Hex            ####....     1%          3    #......
d - Tukima's Dance        Hex            ####....     1%          3    #......
e - Dazzling Spray        Conj/Hex       ###.....     6%          3    #......


Dungeon Overview and Level Annotations

Branches:
Dungeon (1/1)

Altars:

Shops:
D :}([*[

Annotations:
D exclusion: obsidian statue, Kirke


Innate Abilities, Weirdness & Mutations

You are tiny and cannot use many weapons and most armour.
You have supernaturally acute eyesight.
You are a herbivore.
((You cover ground extremely quickly.))
You need consume almost no food.


Message History

You turn into a filthy swine.
Your +1 dagger melds into your body.
Your +1 robe melds into your body.
Unknown command.
Really attack barehanded? [Y]es or [N]o only, please.
Really attack barehanded? [Y]es or [N]o only, please.
Really attack barehanded? [Y]es or [N]o only, please.
Really attack barehanded? [Y]es or [N]o only, please.
Really attack barehanded?
You barely miss Kirke.
Kirke is heavily wounded.
Kirke hits you!
* * * LOW HITPOINT WARNING * * *
You closely miss Kirke.
Kirke is heavily wounded.
Kirke hits you!!
You die... ..z§§§.## §.§§§..## §§§§§.§.# zzzz§. zzzz

##@≈#+++#+++##
#≈≈≈..†......#
#≈≈≈≈.##@##..#
#≈≈≈≈##h..## #≈≈≈
#.##..#
∩.∩..#≈≈####.######
.∩.⌠ #≈##.###'###.#
∩.∩..#≈#...##.##..##
.∩...+≈+.#%'.<.'##.+
....#≈#..)##.##..##
###≈##.###'###.#
#≈≈####.#.####


You could see Kirke and 4 flying skulls.

Vanquished Creatures
  Menkaure (D)
  A crocodile (D)
  4 brain worms (D)
  A scorpion (D)
  4 worker ants (D)
  3 worms (D)
14 creatures vanquished.

Vanquished Creatures (collateral kills)
  A siren (D)
1 creature vanquished.

Vanquished Creatures (others)
  A kobold demonologist (D)
1 creature vanquished.

Grand Total: 16 creatures vanquished

Notes
Turn   | Place    | Note
--------------------------------------------------------------
     0 | D        | Kidiri the Spriggan Enchanter began the quest for the Orb.
     0 | D        | Reached XP level 1. HP: 9/9 MP: 5/5
     1 | D        | Noticed a brain worm
     5 | D        | Killed a brain worm
     5 | D        | Reached skill level 1 in Fighting
     5 | D        | Reached skill level 1 in Armour
     5 | D        | Reached skill level 5 in Dodging
     5 | D        | Reached skill level 7 in Stealth
     5 | D        | Reached XP level 2. HP: 9/14 MP: 5/8
     5 | D        | Reached XP level 3. HP: 11/18 MP: 6/10
     5 | D        | Reached XP level 4. HP: 13/22 MP: 6/11
     6 | D        | Noticed a brain worm
    12 | D        | Learned a level 2 spell: Ensorcelled Hibernation
    16 | D        | Learned a level 3 spell: Confuse
    20 | D        | Learned a level 3 spell: Tukima's Dance
    24 | D        | Learned a level 3 spell: Dazzling Spray
   139 | D        | Killed a brain worm
   139 | D        | Reached skill level 5 in Spellcasting
   139 | D        | Reached skill level 5 in Hexes
   139 | D        | Reached skill level 1 in Ice Magic
   139 | D        | Reached XP level 5. HP: 21/26 MP: 5/13
   202 | D        | Reached skill level 5 in Short Blades
   202 | D        | Reached skill level 8 in Stealth
   202 | D        | Reached skill level 1 in Conjurations
   204 | D        | Reached skill level 9 in Stealth
   204 | D        | Reached XP level 6. HP: 30/32 MP: 13/16
   228 | D        | Noticed a siren
   287 | D        | Reached skill level 10 in Stealth
   378 | D        | Killed a siren
   378 | D        | Reached XP level 7. HP: 21/36 MP: 1/19
   511 | D        | Noticed an obsidian statue
   516 | D        | Found Rynkaats's Antique Armour Shop.
   517 | D        | Found Ufoofamp's Antique Armour Shop.
   517 | D        | Found Ywicw's Antique Weapon Boutique.
   517 | D        | Found Orchojao's General Store.
   520 | D        | Reached skill level 11 in Stealth
   529 | D        | Found Butor's Gadget Boutique.
   529 | D        | Found Feekai's Book Shop.
   554 | D        | Noticed a flying skull
   554 | D        | Noticed a flying skull
   554 | D        | Noticed a flying skull
   554 | D        | Noticed a flying skull
   554 | D        | Noticed a flying skull
   555 | D        | Noticed a flying skull
   556 | D        | Noticed a flying skull
   556 | D        | Noticed a flying skull
   556 | D        | Noticed Menkaure
   560 | D        | Noticed a flying skull
   560 | D        | Killed Menkaure
   560 | D        | Reached skill level 10 in Dodging
   561 | D        | Noticed a flying skull
   563 | D        | Noticed Kirke
   563 | D        | Noticed a flying skull
   573 | D        | Noticed a flying skull
   573 | D        | Killed a kobold demonologist
   578 | D        | Mangled by Kirke

Vault maps used:
D:        the_violet_keep_of_menkaure

Action                   |  1- 3 |  4- 6 |  7- 9 || total
-------------------------+-------+-------+-------++-------
Melee: Dagger            |     2 |    27 |     4 ||    33
       Unarmed           |       |       |     2 ||     2
 Cast: Ensorcelled Hiber |       |    11 |     2 ||    13
       Dazzling Spray    |       |     3 |     6 ||     9
       Confuse           |       |     1 |       ||     1
       Tukima's Dance    |       |     1 |       ||     1
       Corona            |       |     1 |       ||     1
 Stab: Sleeping          |     1 |    10 |     2 ||    13
